 Dungeon Crawl Stone Soup version 0.31-a0-845-g9abc20d24f (webtiles) character file.

Game seed: 8738958064036919399

9374 Skeral the Fighter (level 12, 0/100 HPs)
             Began as a Meteoran Earth Elementalist on Oct 2, 2023.
             Was a Priest of Hepliaklqana.
             Slain by a vampire (8 damage)
             ... on level 10 of the Dungeon.
             The game lasted 00:21:06 (3468 turns).

Skeral the Fighter (Meteoran Earth Elementalist)    Turns: 3468, Time: 00:21:07

Health: 0/100      AC:  9    Str:  9    XL:     12   Next: 4%
Magic:  2/21       EV: 14    Int: 27    God:    Hepliaklqana [***...]
Gold:   321        SH:  0    Dex: 17    Spells: 8/22 levels left

rFire   . . .        l - +1 short sword (vamp)
rCold   . . .        (no shield)
rNeg    . . .        y - +0 steam dragon scales
rPois   +            (no helmet)
rElec   .            j - +0 cloak
rCorr   .            (no gloves)
SInv    .            m - +1 pair of boots
Will    +....        (no amulet)
Stlth   +            P - ring of poison resistance
HPRegen 0.36/turn    I - +6 ring of intelligence
MPRegen 0.17/turn

%: no passive effects
@: about to teleport, slowed, glowing, very slow
A: reduced essence, sense surroundings 2, otherworldly, glowing, explore regen
a: Renounce Religion, Recall Ancestor, Ancestor Identity, Transference


You were on level 10 of the Dungeon.
You worshipped Hepliaklqana.
Hepliaklqana was most pleased with you.
You visited 1 branch of the dungeon, and saw 10 of its levels.

You collected 321 gold pieces.


Innate Abilities, Weirdness & Mutations

Your life essence is reduced to manifest your ancestor. (-10% HP)
You passively map the area around you.
You are easily found by Zot.
You glow in the dark.
You regain HP and MP as you explore.


   Skills:
 - Level 12.0 Fighting
 + Level 3.6 Armour
 + Level 4.4 Dodging
 - Level 1.4 Stealth
 + Level 5.9 Spellcasting
 + Level 9.1 Conjurations
 + Level 3.9 Hexes
 - Level 2.0 Transmutations
 - Level 10.0 Earth Magic
 + Level 4.3 Invocations


You had 8 spell levels left.
You knew the following spells:

 Your Spells              Type           Power      Damage    Failure   Level
a - Stone Arrow           Conj/Erth      100%       3d13      1%          3
f - Fulminant Prism       Conj/Hex       21%        3d12      4%          4
p - Passwall              Tmut/Erth      33%        N/A       1%          2
s - Sandblast             Erth           100%       2d20      1%          1
X - Brom's Barrelling Bo  Conj/Erth      56%        2d7       1%          4

Your spell library contained the following spells:

 Spells                   Type           Power      Damage    Failure   Level
 Kiss of Death            Conj/Necr      100%       2d13      1%          1
 Magic Dart               Conj           100%       1d8       1%          1
 Searing Ray              Conj           100%       2d8       1%          2
 Leda's Liquefaction      Hex/Erth       22%        N/A       3%          4
 Lee's Rapid Deconstruct  Erth           29%        3d15*     3%          5
 Sting                    Tmut/Pois      52%        1d5       4%          1
 Confusing Touch          Hex            29%        N/A       4%          3
 Sigil of Binding         Hex            29%        N/A       4%          3
 Petrify                  Tmut/Erth      40%        N/A       5%          4
 Animate Armour           Summ/Erth      68%        N/A       9%          4
 Poisonous Vapours        Pois/Air       14%        N/A       10%         2
 Call Canine Familiar     Summ           7%         N/A       21%         3
 Dimensional Bullseye     Hex/Tloc       9%         N/A       28%         4
 Dispel Undead            Necr           7%         3d8       54%         4
 Olgreb's Toxic Radiance  Pois           7%         N/A       54%         4
 Summon Lightning Spire   Summ/Air       7%         N/A       54%         4

Inventory:

Hand Weapons
 l - a +1 vampiric short sword (weapon)
   (You took it off a kobold on level 4 of the Dungeon)
Missiles
 o - 2 atropa-tipped darts
 w - 32 poisoned darts (quivered)
 A - 5 curare-tipped darts {=f}
Armour
 j - a +0 cloak (worn)
   (You found it on level 3 of the Dungeon)
 m - a +1 pair of boots (worn)
   (You found it on level 4 of the Dungeon)
 y - +0 steam dragon scales (worn)
   (You found it on level 7 of the Dungeon)
Jewellery
 C - a ring of ice
   (You found it on level 5 of the Dungeon)
 D - a +6 ring of dexterity
   (You found it on level 4 of the Dungeon)
 I - a +6 ring of intelligence (right hand)
   (You found it on level 6 of the Dungeon)
 P - a ring of poison resistance (left hand)
   (You found it on level 4 of the Dungeon)
Wands
 t - a wand of roots (15)
   (You found it on level 5 of the Dungeon)
Scrolls
 d - a scroll of poison {unknown}
 g - a scroll of silence {unknown}
 h - 2 scrolls of vulnerability {!r!r}
 i - 2 scrolls of teleportation {@r4}
 k - 4 scrolls of identify {unknown}
 p - a scroll of amnesia {unknown}
 u - a scroll of blinking {unknown}
 x - a scroll of fog {unknown}
 z - a scroll of torment {unknown}
Potions
 a - a potion of mutation {unknown}
 b - a potion of magic
 c - 2 potions of curing {unknown}
 e - a potion of haste {unknown}
 f - 2 potions of heal wounds {unknown}
 n - a potion of attraction {unknown}
 q - 2 potions of berserk rage {unknown}
 r - 2 potions of might {unknown}
 s - 2 potions of lignification {unknown}
 v - a potion of ambrosia {unknown}

Dungeon Overview and Level Annotations

Branches:
Dungeon (10/15) Zot: 2455    Lair (0/5) D:9
 Temple: D:4-7          Orc: D:9-12

Altars:
Cheibriados
Hepliaklqana
Nemelex Xobeh
Okawaru
Trog

Annotations:
D:4 2 transporters

#####....##.# , , * #
###....##.# , ,, , ,
###......##.# * , ,
##........#.#,, ,, * ,
,, ,
##........).#########
**
.#......#...........# ,
,
.#......##...R......#*,
, .#.....#<......{V...#
, ,
.###.8........##@#+## ,
......8..........#
.................. * ,
......8...[........ *,
, ............#.......
*,
.......#####.........*
** , .#####.#
#8..8...... ,, , , .#
#.#* #.P.......## * **
.# .. , , * , ,


You could see the friendly Mirko the hexer and a vampire (ally target).


Message History

The centaur warrior zombie hits Mirko!
The centaur warrior zombie barely misses Mirko.
The wraith hits you. The wraith drains your vigour!
You feel yourself slow down.
Mirko completely misses the centaur warrior zombie.
The centaur warrior zombie closely misses Mirko.
The centaur warrior zombie kicks Mirko but does no damage. 😮 HP[-2] MP[-4]
You take 2 damage, and now have 67/93 hp.
You lost 4 mp, and now have 1/20 mp.
You hit the unseen horror zombie. The unseen horror zombie hits you.
Mirko barely misses the centaur warrior zombie.
The wraith hits you. The wraith drains your vigour!
You feel as though you will be slow longer.
Mirko hits the centaur warrior zombie with a +0 dagger of draining!!
Mirko hits the centaur warrior zombie with a +0 dagger of draining.
The wraith hits you. The wraith drains your vigour!
You feel as though you will be slow longer.
A vampire comes into view.
The centaur warrior zombie hits Mirko but does no damage.
The centaur warrior zombie misses Mirko. 😮 HP[-11]
You take 11 damage, and now have 56/93 hp.
You hit the wraith but do no damage. You punch the wraith, but do no damage.
Mirko hits the centaur warrior zombie with a +0 dagger of draining!
The centaur warrior zombie closely misses Mirko.
The centaur warrior zombie kicks Mirko.
Mirko hits the centaur warrior zombie with a +0 dagger of draining!
The wraith misses you.
Mirko hits the centaur warrior zombie with a +0 dagger of draining!!
The centaur warrior zombie is destroyed! 😮 HP[+1] MP[+1]
You hit the unseen horror zombie.
You destroy the unseen horror zombie!
Mirko hits the wraith with a +0 dagger of draining!
The wraith hits you!
* * * LOW HITPOINT WARNING * * *
The wraith drains your vigour!
You feel as though you will be slow longer.
A shadow comes into view.
Mirko points at the wraith and mumbles some strange words.
The wraith easily resists.
The wraith hits Mirko but does no damage.
The shadow slips into darkness.
The shadow flickers and vanishes!
Deactivating autopickup; reactivate with Ctrl-A.
You have reached level 12!
You feel agile.
Mirko remembers more of their old skill. 😨 HP[-7]
You now have 100 max hp (+7).
Mirko loses the glow of perfection.
Mirko casts a spell at the wraith.
The wraith resists with almost no effort.
The wraith hits Mirko!
The wraith drains Mirko's vigour!
Mirko seems to slow down.
Mirko hits the wraith with a +0 dagger of draining. 😮 HP[+1]
The wraith hits Mirko but does no damage.
Mirko casts a spell at the wraith.
The wraith seems to slow down.
The wraith barely misses Mirko.
You open the door.
Mirko points at the wraith and mumbles some strange words.
The wraith resists with almost no effort.
The wraith barely misses Mirko. 😮 HP[+2] MP[+1]
You regained 2 hp, and now have 53/100 hp.
Casting: Stone Arrow (safe; 1% risk of failure)
Confirm with . or Enter, or press ? or * to list all spells.
Aiming: Stone Arrow (safe; 1% risk of failure)
Press: ? - help, Shift-Dir - straight line, f/p - wraith
Aim: a wraith (almost destroyed, not watching you, slow, ally target, 78% to hit)
The stone arrow hits the vampire!!
The vampire draws life force from you!
* * * LOW HITPOINT WARNING * * *
The vampire is healed by the life force!
Mirko hits the wraith with a +0 dagger of draining!
The wraith is destroyed!
The vampire barely misses you.
The vampire bites you but does no damage. 😨 HP[-14] MP[-3]
You take 14 damage, and now have 39/100 hp.
You lost 3 mp, and now have 0/21 mp.
The shadow strikes at you from the darkness!
* * * LOW HITPOINT WARNING * * *
Reactivating autopickup.
There is an open door, spattered with blood here. 😱 HP[-28] MP[+2]
You take 28 damage, and now have 11/100 hp.
MASSIVE DAMAGE!! (PAUSE)
You regained 2 mp, and now have 2/21 mp.
As you read the scroll of teleportation {@r4}, it crumbles to dust.
You feel strangely unstable.
Mirko is no longer moving slowly.
The shadow slips into darkness.
The shadow flickers and vanishes!
Deactivating autopickup; reactivate with Ctrl-A.
The vampire hits you.
* * * LOW HITPOINT WARNING * * *
The vampire bites you!
You die...

Skill      XL: |  1  2  3  4  5  6  7  8  9 10 11 |
---------------+----------------------------------+-----
Spellcasting   | 3 4 5 |  5.9
Fighting       | 1 3 4 5 7 12 | 12.0
Transmutations | 2 |  2.0
Earth Magic    | 4 5 6 7 9 10 | 10.0
Conjurations   | 2 3 4 6 7 8 9 |  9.1
Hexes          | 3 |  3.9
Invocations    | 4 |  4.3
Armour         | 3 |  3.6
Dodging        | 4 |  4.4
Stealth        | |  1.4

Action                     |  1- 3 |  4- 6 |  7- 9 | 10-12 || total
---------------------------+-------+-------+-------+-------++-------
  Melee: Unarmed           |    12 |       |       |       ||    12
         Short sword       |       |       |    38 |    48 ||    86
         Punch             |       |       |     1 |     1 ||     2
  Throw: Dart              |       |       |       |     5 ||     5
   Cast: Sandblast         |    23 |    35 |    38 |    44 ||   140
         Passwall          |       |     7 |     5 |     3 ||    15
         Stone Arrow       |       |     2 |    44 |    56 ||   102
         Fulminant Prism   |       |       |       |     4 ||     4
 Invoke: Recall Ancestor   |       |     2 |     6 |     3 ||    11
         Ancestor Life: He |       |       |       |     1 ||     1
         Idealise          |       |       |       |     1 ||     1
  Evoke: Wand              |       |       |       |     3 ||     3
    Use: Scroll            |       |       |     3 |     1 ||     4
   Stab: Sleeping          |       |       |     1 |       ||     1
         Confused          |       |       |       |     2 ||     2
 Armour: Robe              |    19 |     7 |    75 |    12 ||   113
         Steam dragon scal |       |       |       |    94 ||    94
  Dodge: Dodged            |    18 |    13 |    82 |   101 ||   214

Levels and vault maps discovered:
D:1:      lightli_arrival_chessboard, layout_loops_corners
D:2:      layout_loops_ring, shapermc_ecumenical_altar_mp_vishouse,
          kennysheep_crisscross, uniq_jessica
D:3:      cheibrodos_helix_gallery, layout_basic,
          nicolae_overflow_crystal_walls, uniq_sigmund, uniq_crazy_yiuf_cottage
D:4:      gammafunk_steamed_eel, layout_basic, grunt_ministairs_1
D:5:      cheibrodos_fzero, layout_basic, lemuel_round_altar,
          mainiacjoe_overflow_alcove_2, minmay_temple_entry_enclosed_plants
D:6:      layout_loops_cross, uniq_eustachio
D:7:      minmay_blocky_corners, layout_basic, mainiacjoe_overflow_divided_tiny,
          minmay_crystal_water, grunt_ministairs_8
D:8:      layout_gridville, uniq_jeremiah
D:9:      layout_long_grid, lair_entry_dummy
D:10:     layout_basic, tgw_fedhas, kennysheep_little_box, serial_undead,
          serial_undead_f, serial_undead_b, serial_undead_d, serial_undead_e,
          serial_undead_c, serial_undead_d, serial_undead_b, serial_undead_f,
          serial_undead_e, serial_undead_c

Notes
Turn   | Place    | Note
-------+----------+-------------------------------------------
     0 | D:1      | Skeral the Meteoran Earth Elementalist began the quest for
                  | the Orb.
     0 | D:1      | Reached XP level 1. HP: 14/14 MP: 5/5
     0 | D:1      | magus.rc [v1.10.3]
    78 | D:1      | Reached XP level 2. HP: 20/22 MP: 0/6
   110 | D:1      | You pick up a book of Touch and begin reading...
   110 | D:1      | You add the spells Kiss of Death, Confusing Touch and
                  | Dispel Undead to your library.
   209 | D:1      | Learned a level 2 spell: Passwall
   229 | D:1      | Reached skill level 3 in Spellcasting
   305 | D:2      | Noticed Jessica
   306 | D:2      | Killed Jessica
   307 | D:2      | Reached skill level 1 in Fighting
   307 | D:2      | Reached skill level 2 in Transmutations
   307 | D:2      | Reached skill level 4 in Earth Magic
   307 | D:2      | Reached XP level 3. HP: 28/28 MP: 6/8
   350 | D:2      | Learned a level 3 spell: Stone Arrow
   375 | D:2      | Reached XP level 4. HP: 35/35 MP: 6/10
   608 | D:2      | You add the spells Sting, Poisonous Vapours and Olgreb's
                  | Toxic Radiance to your library.
   610 | D:2      | Found a faded altar of an unknown god.
   613 | D:2      | Prayed at the altar of an unknown god.
   613 | D:2      | Became a worshipper of Hepliaklqana the Forgotten
   613 | D:2      | Reached * piety under Hepliaklqana
   672 | D:3      | Noticed Sigmund
   676 | D:3      | Killed Sigmund
   677 | D:3      | Reached skill level 3 in Fighting
   677 | D:3      | Reached skill level 4 in Spellcasting
   677 | D:3      | Reached skill level 2 in Conjurations
   677 | D:3      | Reached skill level 5 in Earth Magic
   677 | D:3      | Reached XP level 5. HP: 40/40 MP: 6/12
   677 | D:3      | Reached XP level 6. HP: 45/45 MP: 6/13
   790 | D:4      | Found a transporter.
  1071 | D:4      | Found a transporter.
  1142 | D:5      | Entered Level 5 of the Dungeon
  1214 | D:5      | Reached skill level 3 in Conjurations
  1214 | D:5      | Reached XP level 7. HP: 51/51 MP: 2/14
  1222 | D:5      | Reached ** piety under Hepliaklqana
  1270 | D:5      | Reached skill level 4 in Fighting
  1270 | D:5      | Reached skill level 4 in Conjurations
  1270 | D:5      | Reached skill level 6 in Earth Magic
  1285 | D:5      | Noticed a two-headed ogre
  1293 | D:5      | Found a bloodstained altar of Trog.
  1299 | D:5      | Reached XP level 8. HP: 50/60 MP: 3/15
  1316 | D:5      | Noticed a steam dragon
  1323 | D:5      | Killed a steam dragon
  1324 | D:5      | Reached skill level 5 in Fighting
  1324 | D:5      | Reached skill level 5 in Conjurations
  1356 | D:6      | Reached skill level 7 in Earth Magic
  1364 | D:6      | Noticed Eustachio
  1370 | D:6      | Killed Eustachio
  1393 | D:5      | Reached skill level 6 in Conjurations
  1393 | D:5      | Gained mutation: You passively map the area around you.
                  | [Meteoran growth]
  1393 | D:5      | Reached XP level 9. HP: 21/67 MP: 1/16
  1511 | D:5      | Reached skill level 6 in Fighting
  1590 | D:5      | Found a sparkling altar of Nemelex Xobeh.
  1610 | D:5      | Reached skill level 8 in Earth Magic
  1760 | D:5      | Reached skill level 7 in Conjurations
  1864 | D:6      | You pick up a book of the Hunter and begin reading...
  1864 | D:6      | You add the spells Sigil of Binding, Call Canine Familiar,
                  | Dimensional Bullseye and Leda's Liquefaction to your
                  | library.
  1902 | D:6      | Reached skill level 7 in Fighting
  2012 | D:6      | Reached skill level 9 in Earth Magic
  2048 | D:6      | You pick up a book of Conjurations and begin reading...
  2048 | D:6      | You add the spells Magic Dart, Searing Ray and Fulminant
                  | Prism to your library.
  2068 | D:6      | Reached XP level 10. HP: 77/77 MP: 15/17
  2102 | D:6      | Reached skill level 8 in Conjurations
  2156 | D:7      | Reached skill level 8 in Fighting
  2213 | D:7      | Noticed a gargoyle
  2219 | D:7      | Killed a gargoyle
  2220 | D:7      | Reached skill level 10 in Earth Magic
  2229 | D:7      | Noticed a boulder beetle
  2239 | D:7      | Remembered your ancestor Mirko as a hexer
  2241 | D:7      | Killed a boulder beetle
  2242 | D:7      | Reached skill level 10 in Fighting
  2376 | D:7      | Found an iron altar of Okawaru.
  2376 | D:7      | Found a snail-covered altar of Cheibriados.
  2486 | D:7      | Reached *** piety under Hepliaklqana
  2724 | D:8      | Reached skill level 11 in Fighting
  2786 | D:9      | magus.rc [v1.10.3]
  2843 | D:9      | Found a staircase to the Lair.
  2899 | D:9      | Noticed a two-headed ogre
  2904 | D:9      | Killed a two-headed ogre
  2905 | D:9      | Reached skill level 12 in Fighting
  2905 | D:9      | Reached XP level 11. HP: 93/93 MP: 8/18
  2910 | D:9      | Learned a level 4 spell: Brom's Barrelling Boulder
  2915 | D:9      | Learned a level 4 spell: Fulminant Prism
  3018 | D:9      | Reached skill level 1 in Hexes
  3018 | D:9      | Reached skill level 1 in Invocations
  3020 | D:9      | Reached skill level 1 in Armour
  3050 | D:9      | Reached skill level 2 in Invocations
  3167 | D:8      | Reached skill level 3 in Dodging
  3180 | D:8      | Reached skill level 2 in Hexes
  3230 | D:8      | Reached **** piety under Hepliaklqana
  3271 | D:8      | Reached skill level 2 in Armour
  3355 | D:10     | Entered Level 10 of the Dungeon
  3361 | D:10     | Reached skill level 5 in Spellcasting
  3365 | D:10     | Reached skill level 3 in Invocations
  3374 | D:10     | You pick up a book of Iron and begin reading...
  3374 | D:10     | You add the spells Summon Lightning Spire, Animate Armour
                  | and Lee's Rapid Deconstruction to your library.
  3392 | D:10     | Reached skill level 3 in Hexes
  3415 | D:10     | Reached skill level 3 in Armour
  3415 | D:10     | Reached skill level 4 in Dodging
  3442 | D:10     | Reached skill level 9 in Conjurations
  3442 | D:10     | Reached skill level 4 in Invocations
  3463 | D:10     | Reached XP level 12. HP: 50/100 MP: 2/21
  3467 | D:10     | HP: 11/100 [something (32)]
  3468 | D:10     | Slain by a vampire

Vanquished Creatures
  A boulder beetle (D:7)
  A two-headed ogre (D:9)
  2 centaur zombies (D:10)
  A gargoyle (D:7)
  2 unseen horror zombies (D:10)
  2 kobold demonologists (D:9)
  Sigmund (D:3)
  2 shadows (D:10)
  A vampire (D:10)
  A wyvern (D:8)
  3 steam dragons
  A vampire mosquito (D:7)
  2 water moccasins
  2 ice beasts
  2 sky beasts
  2 ogres
  3 phantoms (D:5)
  2 centaurs
  4 kobold brigands
  7 bullfrogs
  3 scorpions
  A howler monkey (D:6)
  2 hounds
  3 jellies
  7 orc priests
  A sleepcap (D:5)
  Jessica (D:2)
  4 iguanas
  5 orc wizards
  A gnoll (D:9)
  4 adders
  A white imp (D:6)
  An ufetubus (D:5)
  A worm (D:2)
  A dart slug (D:4)
  28 orcs
  5 endoplasms
  2 giant cockroaches
  2 goblins
  3 hobgoblins
  5 jackals
  A quokka (D:3)
  2 ball pythons
  3 bats
  3 frilled lizards
  20 kobolds
  2 rats
154 creatures vanquished.

Vanquished Creatures (collateral kills)
  2 centaur zombies (D:10)
  An unseen horror zombie (D:10)
  A troll (D:10)
  A wraith (D:10)
  Eustachio (D:6)
  An ogre (D:5)
  A centaur (D:7)
  A bullfrog (D:7)
  4 kobold brigands (D:9)
  A scorpion (D:5)
  An orc priest (D:8)
  2 orc wizards
  A howler monkey zombie (D:10)
  2 gnolls (D:9)
  An orc (D:5)
  A ball python (D:3)
  A goblin (D:4)
  3 kobolds
26 creatures vanquished.

Vanquished Creatures (others)
  A hexer (D:10)
  2 ancestors
  A kobold (D:7)
  4 fulminant prisms
8 creatures vanquished.

Grand Total: 188 creatures vanquished

Table legend:
 A = Non-vault XP
 B = Vault XP
 C = Vault XP percentage of total XP
 D = Non-vault monster count
 E = Vault monster count
 F = Vault count percentage of total count
                 A         B        C        D         E       F
            +---------+---------+-------+---------+---------+-------
      Total |    6579 |    6813 |  50.9 |     141 |      39 |  21.7
            +---------+---------+-------+---------+---------+-------
        D:1 |      16 |       0 |   0.0 |      10 |       0 |   0.0
        D:2 |      20 |      37 |  64.9 |      10 |       1 |   9.1
        D:3 |      11 |     230 |  95.4 |       6 |       3 |  33.3
        D:4 |      38 |      14 |  26.9 |      12 |       2 |  14.3
        D:5 |    1071 |     616 |  36.5 |      19 |      11 |  36.7
        D:6 |    1187 |     196 |  14.2 |      24 |       1 |   4.0
        D:7 |     692 |    1851 |  72.8 |      14 |       9 |  39.1
        D:8 |     727 |       0 |   0.0 |      21 |       0 |   0.0
        D:9 |    2399 |       0 |   0.0 |      19 |       0 |   0.0
       D:10 |     418 |    3869 |  90.2 |       6 |      12 |  66.7
            +---------+---------+-------+---------+---------+-------

Skill      XL: |  1  2  3  4  5  6  7  8  9 10 11 |
---------------+----------------------------------+-----
Spellcasting   | 3 4 5 |  5.9
Fighting       | 1 3 4 5 7 12 | 12.0
Transmutations | 2 |  2.0
Earth Magic    | 4 5 6 7 9 10 | 10.0
Conjurations   | 2 3 4 6 7 8 9 |  9.1
Hexes          | 3 |  3.9
Invocations    | 4 |  4.3
Armour         | 3 |  3.6
Dodging        | 4 |  4.4
Stealth        | |  1.4

Action                     |  1- 3 |  4- 6 |  7- 9 | 10-12 || total
---------------------------+-------+-------+-------+-------++-------
  Melee: Unarmed           |    12 |       |       |       ||    12
         Short sword       |       |       |    38 |    48 ||    86
         Punch             |       |       |     1 |     1 ||     2
  Throw: Dart              |       |       |       |     5 ||     5
   Cast: Sandblast         |    23 |    35 |    38 |    44 ||   140
         Passwall          |       |     7 |     5 |     3 ||    15
         Stone Arrow       |       |     2 |    44 |    56 ||   102
         Fulminant Prism   |       |       |       |     4 ||     4
 Invoke: Recall Ancestor   |       |     2 |     6 |     3 ||    11
         Ancestor Life: He |       |       |       |     1 ||     1
         Idealise          |       |       |       |     1 ||     1
  Evoke: Wand              |       |       |       |     3 ||     3
    Use: Scroll            |       |       |     3 |     1 ||     4
   Stab: Sleeping          |       |       |     1 |       ||     1
         Confused          |       |       |       |     2 ||     2
 Armour: Robe              |    19 |     7 |    75 |    12 ||   113
         Steam dragon scal |       |       |       |    94 ||    94
  Dodge: Dodged            |    18 |    13 |    82 |   101 ||   214

Illustrated notes

Table legend:
 A = Kills in this place as a percentage of kills in the entire game.
 B = Kills by you in this place as a percentage of kills by you in the entire game.
 C = Kills by friends in this place as a percentage of kills by friends in the entire game.
 D = Other kills in this place as a percentage of other kills in the entire game.
 E = Experience gained in this place as a percentage of experience gained in the entire game.
 F = Experience gained in this place divided by the number of levels of this place that you have seen.
                   A       B       C       D       E      F
               +-------+-------+-------+-------+-------+----------------------
         Total | 100.0 | 100.0 | 100.0 |   N/A | 100.0 | 1339.2
       Dungeon | 100.0 | 100.0 | 100.0 |   N/A | 100.0 | 1339.2
               +-------+-------+-------+-------+-------+----------------------

Table legend: (Time is in decaauts)
 A = Elapsed time spent in this place.
 B = Non-inter-level travel time spent in this place.
 C = Inter-level travel time spent in this place.
 D = Time resting spent in this place.
 E = Time spent auto-exploring this place.
 F = Levels seen in this place.
 G = Mean time per level.
                   A        B        C        D        E       F      G
               +--------+--------+--------+--------+--------+-----+--------+
         Total |   3543 |   3446 |     97 |    120 |      0 |  10 |  354.3 |
       Dungeon |   3543 |   3446 |     97 |    120 |      0 |  10 |  354.3 |
               +--------+--------+--------+--------+--------+-----+--------+

Top non-repeatable levels by time:
     D:5: 532 daAuts
     D:9: 444 daAuts
     D:6: 423 daAuts
     D:7: 409 daAuts
     D:4: 372 daAuts
     D:1: 359 daAuts
     D:8: 330 daAuts
     D:2: 285 daAuts
     D:3: 267 daAuts
    D:10: 118 daAuts
